Kradschützen Motorcycle Team
Construct Light Support Kompanie
Construct Mechanized Kompanie
254 Reconnaissance Tractor
Marder III Tank Destroyer
Selects L6/40 Light Tank Combat Group
Selects Towed Cannone da 105/28 Field Howitzer
Towed Cannone da 105/28 Field Howitzer
Selects Defensive Operations
18-tonne Recovery Half-track
Selects Prepared Positions
Panzerjäger Mechanized Group
Construct Panzerarmee Kommand
Flak 36 Anti-tank Gun Team